 Dungeon Crawl Stone Soup version 0.31-a0-1321-g5021b54cb2 (webtiles) character file.

Game seed: 10677449019788442167

64 AlmostDecent the Shooter (level 4, -2/27 HPs)
             Began as a Gargoyle Hunter on Dec 20, 2023.
             Blown up by Ijyb (13 damage)
             ... with a mindburst bolt
             ... on level 3 of the Dungeon.
             The game lasted 00:03:56 (1262 turns).

AlmostDecent the Shooter (Gargoyle Hunter)          Turns: 1262, Time: 00:03:56

Health: -2/27      AC:  6    Str: 14    XL:     4   Next: 12%
Magic:  4/4        EV: 11    Int: 10    God:
Gold:   115        SH:  0    Dex: 15    Spells: 3/3 levels left

rFire   . . .        a - +0 shortbow
rCold   . . .        (shield currently unavailable)
rNeg    + . .        c - +0 leather armour
rPois   ∞            (no helmet)
rElec   +            (no cloak)
rCorr   .            (no gloves)
SInv    .            (no boots)
Will    .....        (no amulet)
Stlth   ++           (no ring)
HPRegen 0.24/turn    (no ring)
MPRegen 0.09/turn

%: no passive effects
@: no status effects
A: sickness immunity, AC +3, negative energy resistance 1, electricity
resistance, torment resistance 1, petrification resistance
a: no special abilities


You were on level 3 of the Dungeon.
You visited 1 branch of the dungeon, and saw 3 of its levels.

You collected 115 gold pieces.

Inventory:

Hand Weapons
 a - a +0 shortbow (weapon)
 g - a +0 short sword
Armour
 c - a +0 leather armour (worn)
Jewellery
 d - an amulet of faith
Scrolls
 b - a scroll of butterflies
 f - 2 scrolls of poison {unknown}
 h - 2 scrolls of identify {unknown}
 j - 4 scrolls of vulnerability {unknown}
Potions
 e - 2 potions of curing
 i - a potion of enlightenment {unknown}
 k - a potion of mutation {unknown}
 l - a potion of cancellation {unknown}


   Skills:
 + Level 2.3 Fighting
 * Level 5.5 Ranged Weapons
 + Level 1.5 Dodging
 + Level 1.1 Stealth


You had 3 spell levels left.
You didn't know any spells.
Your spell library contained the following spells:

 Spells                   Type           Power      Damage    Failure   Level
 Dazzling Flash           Conj/Hex       0%         N/A       82%         3
 Mephitic Cloud           Conj/Alch/Air  0%         N/A       82%         3
 Agony                    Necr           0%         N/A       100%        5
 Silence                  Hex/Air        0%         N/A       100%        5


Dungeon Overview and Level Annotations

Branches:
Dungeon (3/15)

Altars:

Annotations:
D:3 Ijyb


Innate Abilities, Weirdness & Mutations

You are immune to sickness and miasma.
Your stone body is resilient. (AC +3)
You are immune to poison.
You resist negative energy. (rN+)
You are resistant to electric shocks. (rElec)
You are resistant to unholy torment.
You are immune to petrification.


Message History

The arrow hits the giant cockroach but does no damage.
You shoot an arrow.
The arrow barely misses the giant cockroach.
You shoot an arrow.
The arrow hits the giant cockroach but does no damage.
You shoot an arrow.
The arrow hits the giant cockroach but does no damage.
You shoot an arrow. The arrow hits the giant cockroach.
You kill the giant cockroach!
No target in view!
No target in view!
No target in view!
You see here a quokka skeleton.
Done exploring.
There is an escape hatch in the floor here.
You slide downwards.
The hatch slams shut behind you.
You shoot an arrow. The arrow barely misses Ijyb.
You shoot an arrow. The arrow hits Ijyb but does no damage.
You shoot an arrow. The arrow hits Ijyb but does no damage.
Ijyb zaps a wand.
Your mind is blasted!
Ouch! That really hurt!
You are too injured to fight recklessly!
You are too injured to fight recklessly!
You are too injured to fight recklessly!
Unknown command.
It was a potion of curing.
You feel better.
Ijyb screams, "No!
No, no, no, no!"
You shoot an arrow. The arrow hits Ijyb.
Ijyb is lightly wounded.
Ijyb screams, "I dance on your bones!"
You shoot an arrow. The arrow closely misses Ijyb.
You shoot an arrow. The arrow barely misses Ijyb.
Ijyb zaps a wand.
Your mind is blasted!
You are too injured to fight recklessly!
Fire: a) +0 shortbow
Press: ? - help, Q - select action Shift-Dir - straight line, f/p - Ijyb
Aim: Ijyb, wielding a +0 club, wearing a +1 ring mail of fire resistance and carrying a wand of mindburst (58% to hit)
You shoot an arrow. The arrow closely misses Ijyb.
Ijyb zaps a wand.
Your mind is blasted!
You die...

. ...
#####....
#........
#@.g.....
#........
###......
####.. .


You could see Ijyb.

Vanquished Creatures
  2 adders (D:2)
  A dart slug (D:2)
  6 endoplasms
  3 giant cockroaches
  3 goblins
  4 hobgoblins
  3 quokkas (D:2)
  2 ball pythons (D:1)
  6 bats
  A frilled lizard (D:2)
  5 kobolds
  2 rats
38 creatures vanquished.

Notes
Turn   | Place    | Note
-------+----------+-------------------------------------------
     0 | D:1      | AlmostDecent the Gargoyle Hunter began the quest for the
                  | Orb.
     0 | D:1      | Reached XP level 1. HP: 12/12 MP: 1/1
   178 | D:1      | Reached XP level 2. HP: 17/17 MP: 2/2
   767 | D:2      | Reached XP level 3. HP: 21/21 MP: 3/3
   768 | D:2      | Reached skill level 5 in Ranged Weapons
  1119 | D:2      | Reached XP level 4. HP: 16/27 MP: 4/4
  1254 | D:3      | Noticed Ijyb
  1262 | D:3      | Blown up by Ijyb

Illustrated notes

Levels and vault maps discovered:
D:1:      dpeg_arrival_lava_altar, layout_loops_ring, nrook_campfire
D:2:      layout_rooms
D:3:      minmay_chambers_of_threes, layout_basic,
          hellmonk_ecumenical_altar_heavens_door, uniq_ijyb, uniq_jessica

Skill      XL: |  1  2  3 |
---------------+----------+-----
Ranged Weapons | 5 |  5.5
Fighting       | |  2.3
Dodging        | |  1.5
Stealth        | |  1.1

Action                     |  1- 3 |  4- 6 || total
---------------------------+-------+-------++-------
   Fire: Shortbow          |   121 |    15 ||   136
    Use: Potion            |       |     1 ||     1
 Armour: Leather armour    |    31 |     1 ||    32
  Dodge: Dodged            |    28 |     1 ||    29

Table legend: (Time is in decaauts)
 A = Elapsed time spent in this place.
 B = Non-inter-level travel time spent in this place.
 C = Inter-level travel time spent in this place.
 D = Time resting spent in this place.
 E = Time spent auto-exploring this place.
 F = Levels seen in this place.
 G = Mean time per level.
                   A        B        C        D        E       F      G
               +--------+--------+--------+--------+--------+-----+--------+
         Total |   1287 |   1213 |     74 |      0 |    982 |   3 |  429.0 |
       Dungeon |   1287 |   1213 |     74 |      0 |    982 |   3 |  429.0 |
               +--------+--------+--------+--------+--------+-----+--------+

Top non-repeatable levels by time:
     D:1: 747 daAuts
     D:2: 530 daAuts
     D:3: 8 daAuts
